cohdb
Replays
Latest Replays
All Replays
Popular Replays
Top Player Replays
Match Explorer
How It Works
Community
CoH3 Stats
Reddit
Sign in to upload your games and track your stats! →
Sign in with Steam
Match 41875569
Unlisted
Match 41875569
Overview
Messages
Build Orders
End
Construct Infanterie Kompanie
Selects Luftwaffe Battlegroup
Selects Luftwaffe Pioneer Support
Fallschirmpioneer Squad Paradrop
Fallschirmpioneer Squad Paradrop
Construct Panzergrenadier Kompanie
Panzergrenadier Squad
Panzergrenadier Squad
Selects Reconnaissance Run
Selects Fallschirmjäger Squad Paradrop
Support Elements
Medical Bunker
StuG III G Assault Gun
StuG III G Assault Gun
251 Medium Carrier
Fallschirmpioneer Squad Paradrop
Reconnaissance Run
StuG III G Assault Gun
PhoneyMcRing
JIN_47
Zerg6412
73TBN_OPR2
[82AD] PaulVmax
[LVP]AnarchyFreak
Computer - Hard
FloppyBob
0
0
Comments
sign in to comment!
No comments posted yet!